 Dungeon Crawl Stone Soup version 0.31.0-9-g3a7656b989 (console) character file.

Game seed: 272149674365840346

819 AlterAsc the Grappler (level 7, -2/43 HPs)
             Began as an Octopode Shapeshifter on Jan 28, 2024.
             Was an Initiate of Gozag.
             Slain by a hound (5 damage)
             ... on level 5 of the Dungeon.
             The game lasted 00:04:24 (2980 turns).

AlterAsc the Grappler (Octopode Shapeshifter)       Turns: 2980, Time: 00:04:25

Health: -2/43      AC:  1    Str: 21    XL:     7   Next: 95%
Magic:  7/7        EV: 13    Int: 12    God:    Gozag
Gold:   124        SH:  0    Dex: 15    Spells: 6/6 levels left

rFire   . .          .
                       - Unarmed
rCold   . . .        (no shield)
rNeg    . . .        (helmet currently unavailable)
rPois   +            (no amulet)
rElec   .            i - ring "Deete" {rPois Will+ Str+6 Dex+3}
rCorr   .            (no ring)
SInv    .            (no ring)
Will    +....        (no ring)
Stlth   ++           (no ring)
HPRegen 0.27/turn    (no ring)
MPRegen 0.10/turn    (no ring)
                     (no ring)

%: no passive effects
@: beast-form, hasted, very quick
A: beast (slay +1), almost no armour, amphibious, 8 rings, camouflage 1,
gelatinous body 1, (nimble swimmer 1), tentacles
a: Begin Untransformation, Renounce Religion, Potion Petition, Call Merchant,
Bribe Branch


You were on level 5 of the Dungeon.
You worshipped Gozag.
Gozag was aware of your devotion.
You were a hulking beast.
You visited 2 branches of the dungeon, and saw 6 of its levels.

You collected 166 gold pieces.
You paid 42 gold pieces to Gozag.

Inventory:

Missiles
 a - 2 poisoned darts
 e - 44 stones (quivered)
 k - 5 boomerangs
Jewellery
 d - an amulet of magic regeneration
 i - the ring "Deete" (left tentacle) {rPois Will+ Str+6 Dex+3}
   (You found it on level 2 of the Dungeon)

   [ring of strength]

   Str+6:     It affects your strength (+6).
   Dex+3:     It affects your dexterity (+3).
   rPois:     It protects you from poison Will+: It increases your willpower.
 j - an amulet of guardian spirit
 m - an amulet of faith
Talismans
 b - a beast talisman
 c - a flux talisman
Scrolls
 f - 2 scrolls of enchant weapon {unknown}
 g - a scroll of blinking {unknown}
 h - a scroll of poison {unknown}
 l - a scroll of fog {unknown}
 n - 2 scrolls of identify
 o - 2 scrolls of teleportation {unknown}
 p - a scroll of brand weapon {unknown}
 s - a scroll of revelation {unknown}
Potions
 r - a potion of brilliance {unknown}


   Skills:
 - Level 1.0 Fighting
 - Level 2.0 Dodging
 + Level 9.2 Unarmed Combat
 - Level 3.0 Shapeshifting


You had 6 spell levels left.
You didn't know any spells.
Your spell library contained the following spells:

 Spells                   Type           Power      Damage    Failure   Level
 Mercury Vapours          Alch/Air       0%         N/A       45%         2
 Static Discharge         Conj/Air       0%         3-3/arc   45%         2
 Summon Lightning Spire   Summ/Air       0%         N/A       97%         4
 Freezing Cloud           Conj/Ice/Air   0%         6-21      100%        5
 Silence                  Hex/Air        0%         N/A       100%        5


Dungeon Overview and Level Annotations

Branches:
Dungeon (5/15)             Temple (1/1) D:4

Altars:
Cheibriados
Dithmenos
Elyvilon
Fedhas
Gozag
Hepliaklqana
Kikubaaqudgha
Nemelex Xobeh
Qazlal
Ru
Trog
Uskayaw
Vehumet
Wu Jian
Xom
Yredelemnul
Zin
The Shining One

Shops:
D:2 !   D:4 *

Annotations:
D:5 Pikel


Innate Abilities, Weirdness & Mutations

You are a hulking beast.
Your limbs bulge with bestial killing power. (Slay +1)
You cannot wear most types of armour.
You are amphibious.
You can wear up to eight rings at the same time.
Your skin changes colour to match your surroundings (Stealth+).
Your rubbery body absorbs attacks. (AC +1, EV +1)
((You are camouflaged when in or above water. (Stealth+)))
You have tentacles for arms and can constrict up to eight enemies at once.


Message History

A hound is nearby!
The hound bites you.
Pikel zaps a wand.
The roots erupt in riotous growth!
The hound is unaffected.
The grasping roots grab you!
Pikel is unaffected.
The grasping roots constrict you.
You tentacle-slap the hound but do no damage.
Your grab misses the hound.
A centaur comes into view.
The hound barely misses you.
You closely miss the hound. You grab the hound.
You squeeze the hound, but do no damage.
You constrict the hound. The hound bites you. The grasping roots constrict you.
You tentacle-slap the hound.
The hound is moderately wounded.
You constrict the hound.
The centaur wields a +0 orcbow.
The centaur shoots an arrow.
The arrow barely misses you. The hound closely misses you.
The roots lose their grip on you.
An ice beast comes into view.
The hound misses you.
You release your grip on the hound.
An orc comes into view. It is wielding a +0 hand axe.
The centaur shoots an arrow.
The arrow barely misses you.
A phantom comes into view.
The hound attacks as it pursues you! The hound bites you.
The centaur shoots an arrow.
The arrow hits you!
The centaur shoots an arrow.
The arrow hits you!
* * * LOW HITPOINT WARNING * * *
The hound closely misses you. The hound attacks as it pursues you!
The hound barely misses you.
Okay, then.
Press: ? - help, v - describe, . - travel The floor.
As you read the scroll labelled APPOPA LASENUE, it crumbles to dust.
It is a scroll of identify.
q - a potion of haste The hound misses you.
The hound pauses to sniff the ground.
The hound closely misses you.
You feel yourself speed up. The hound bites you.
* * * LOW HITPOINT WARNING * * *
The hound attacks as it pursues you! The hound bites you.
You die...
Your body crumbles into a pile of gold.

#.# ... #.#.. #.#..
#.#...!..## #.#.#.....
. #.#.#5..h ..
#h#.#... ... #h#.#..
K. .########
#.#.#.#.##.#
.......<###5#.#......#
...#...o...o..K5#
#.######K..#.Y..... #
#..W..######## #.#...#
#.#.#.# # #.#.# #.#.#


You could see Pikel, a lemure, a phantom, a hound and an orc.

Vanquished Creatures
  Grinder (D:3)
  Menkaure (D:4)
  A kobold brigand (D:4)
  A scorpion (D:4)
  3 bombardier beetles
  A hound (D:4)
  2 scorpion zombies (D:3)
  2 iguanas (D:4)
  A hound skeleton (D:3)
  3 adders
  4 adder zombies (D:3)
  An adder skeleton (D:3)
  A dart slug (D:1)
  2 ribbon worms
  An orc (D:2)
  3 ball pythons
  6 bats
  6 endoplasms
  A giant cockroach (D:4)
  8 goblins
  4 hobgoblins
  3 jackals (D:1)
  4 kobolds
  5 quokkas
  2 ball python skeletons (D:3)
  A ball python zombie (D:3)
  5 frilled lizards
  2 giant cockroach zombies (D:3)
  2 jackal skeletons (D:3)
  A quokka skeleton (D:3)
  A quokka zombie (D:3)
  5 rats
84 creatures vanquished.

Notes
Turn   | Place    | Note
-------+----------+-------------------------------------------
     0 | D:1      | AlterAsc the Octopode Shapeshifter began the quest for the
                  | Orb.
     0 | D:1      | Reached XP level 1. HP: 13/13 MP: 1/1
    67 | D:1      | Found a faded altar of an unknown god.
    79 | D:1      | Reached XP level 2. HP: 18/18 MP: 2/2
   297 | D:1      | Reached skill level 4 in Unarmed Combat
   332 | D:1      | Reached XP level 3. HP: 23/23 MP: 3/3
   682 | D:2      | Found Haget's Distillery.
   845 | D:2      | Reached XP level 4. HP: 28/28 MP: 4/4
  1048 | D:2      | Identified the ring "Deete" {rPois Will+ Str+6 Dex+3}
  1407 | D:3      | Reached skill level 5 in Unarmed Combat
  1548 | D:3      | Reached XP level 5. HP: 33/33 MP: 5/5
  1648 | D:3      | Reached skill level 6 in Unarmed Combat
  1793 | D:3      | Noticed Grinder
  1797 | D:3      | Paralysed by Grinder for 4 turns
  1812 | D:3      | Killed Grinder
  1813 | D:3      | Reached skill level 7 in Unarmed Combat
  1813 | D:3      | Reached XP level 6. HP: 13/38 MP: 6/6
  2115 | D:3      | Found an ornate altar of the Wu Jian Council.
  2116 | D:3      | Found a white marble altar of Elyvilon.
  2158 | D:4      | Noticed Menkaure
  2163 | D:4      | Killed Menkaure
  2164 | D:4      | Reached skill level 8 in Unarmed Combat
  2164 | D:4      | Reached XP level 7. HP: 43/43 MP: 7/7
  2170 | D:4      | Got the Folio of the Ikuchi
  2313 | D:4      | Found Maiv's Neck Hole.
  2456 | D:4      | Found a staircase to the Ecumenical Temple.
  2468 | D:4      | Reached skill level 9 in Unarmed Combat
  2474 | Temple   | Entered the Ecumenical Temple
  2546 | Temple   | Became a worshipper of Gozag Ym Sagoz the Greedy
  2957 | D:5      | Entered Level 5 of the Dungeon
  2966 | D:5      | Noticed Pikel
  2978 | D:5      | HP: 2/43 [hound (5)]
  2980 | D:5      | Slain by a hound

Illustrated notes

Levels and vault maps discovered:
D:1:      lightli_arrival_flooded_house, layout_rooms,
          ebering_ecumenical_altar_abandoned, nicolae_twisty_statue_hallways
D:2:      mumra_celtic_spiral_tile, layout_loops_ring, serial_shops, shop,
          chequers_garden
D:3:      layout_loops_ring, gammafunk_temple_overflow_statue, serial_undead,
          serial_undead_b, serial_undead_d, serial_undead_a, serial_undead_d,
          serial_undead_b, serial_undead_c, serial_undead_c, serial_undead_e,
          serial_undead_c, serial_undead_e, uniq_grinder
D:4:      layout_basic, minmay_temple_entry_sparse_star,
          hangedman_abyss_or_decor_stagger, nicolae_shop_sticking_my_neck_out,
          uniq_menkaure
D:5:      layout_basic, serial_curves, eino_curves_02, eino_curves_02,
          eino_curves_02, uniq_pikel
Temple:   minmay_temple_bridge_d

Skill      XL: |  1  2  3  4  5  6  7 |
---------------+----------------------+-----
Unarmed Combat | 4 5 7 8 9 |  9.2
Fighting       | |  1.0
Dodging        | |  2.0
Shapeshifting  | |  3.0

Action                     |  1- 3 |  4- 6 |  7- 9 || total
---------------------------+-------+-------+-------++-------
  Melee: Unarmed           |    59 |    58 |    37 ||   154
         Constrict         |    16 |    17 |    10 ||    43
         Tentacles         |    10 |    13 |    12 ||    35
         Punch             |       |     4 |       ||     4
    Use: Potion            |       |     1 |     1 ||     2
         Scroll            |       |       |     1 ||     1
   Stab: Sleeping          |     9 |     4 |     4 ||    17
 Armour: Skin              |    14 |    16 |    21 ||    51
  Dodge: Dodged            |    37 |    27 |    19 ||    83
